 Seeded DCSS version 0.29.0-5-ge4962eb29e (webtiles) character file.

Game seed: 1366851539216726161 (custom seed)

34 nickcage the Cudgeller (level 3, -9/30 HPs)
             Began as a Minotaur Gladiator on Aug 29, 2022.
             Mangled by an ogre
             ... wielding a +0 giant spiked club
              (32 damage)
             ... on level 3 of the Dungeon.
             The game lasted 00:02:18 (1016 turns).

nickcage the Cudgeller (Minotaur Gladiator)         Turns: 1016, Time: 00:02:20

Health: -9/30      AC:  9    Str: 20    XL:     3   Next: 14%
Magic:  2/2        EV:  5    Int:  5    God:
Gold:   90         SH:  0    Dex: 11    Spells: 1/2 levels left

rFire   . . .      SeeInvis .   a - +0 flail
rCold   . . .      Faith    .   (no shield)
rNeg    . . .      Spirit   .   i - +0 chain mail
rPois   .          Reflect  .   c - +0 hat
rElec   .          Harm     .   (no cloak)
rCorr   .          Rampage  .   (no gloves)
Will    .....                   l - +0 pair of boots
Stlth   ..........              (no amulet)
HPRegen 0.10/turn               (no ring)
MPRegen 0.08/turn               (no ring)

@: constricted
A: horns 2, retaliatory headbutt
a: no special abilities


You were on level 3 of the Dungeon.
You visited 1 branch of the dungeon, and saw 3 of its levels.

You collected 90 gold pieces.

Inventory:

Hand Weapons
 a - a +0 flail (weapon)
Missiles
 d - 2 throwing nets (quivered)
 e - a javelin
Armour
 c - a +0 hat (worn)
 i - a +0 chain mail (worn)
 l - a +0 pair of boots (worn)
Scrolls
 h - a scroll of enchant armour {unknown}
 j - a scroll of teleportation {unknown}
Potions
 b - a potion of ambrosia {unknown}
 g - a potion of curing {unknown}
 k - a potion of haste {unknown}


   Skills:
 - Level 2.4 Fighting
 + Level 5.2 Maces & Flails
 - Level 2.0 Throwing
 - Level 3.2 Dodging


You had one spell level left.
You knew the following spells:

 Your Spells              Type           Power      Damage    Failure   Level
a - Slow                  Hex            0%         N/A       100%        1

Your spell library contained the following spells:

 Spells                   Type           Power      Damage    Failure   Level
 Poisonous Vapours        Pois/Air       0%         N/A       100%        2
 Confusing Touch          Hex            0%         N/A       100%        3
 Vampiric Draining        Necr           0%         2d6       100%        3
 Corpse Rot               Necr/Pois/Air  0%         N/A       100%        4


Dungeon Overview and Level Annotations

Branches:
Dungeon (2/15)

Altars:


Innate Abilities, Weirdness & Mutations

You have a pair of horns on your head.
You reflexively headbutt those who attack you in melee.


Message History

You open the door.
A goblin comes into view. It is wielding a +0 club.
The goblin shouts!
An ogre comes into view. It is wielding a +0 giant spiked club.
Found a quarterstaff and 13 gold pieces.
Throw: 3 throwing nets
Press: ? - help, Q - select action, (/) - cycle Shift-Dir - straight line, f - ogre
Aim: an ogre, wielding a +0 giant spiked club (wandering, hasn't noticed you, 73% to hit)
You throw a throwing net. The throwing net hits the ogre.
The ogre is caught in the net!
The ogre shouts!
The ogre struggles against the net.
You closely miss the goblin. You headbutt the goblin.
The goblin is heavily wounded.
The goblin hits you but does no damage.
The ogre struggles against the net.
You sock the goblin!
You kill the goblin!
The ogre struggles against the net.
A ball python comes into view.
The ogre struggles against the net.
There is an open door here.
You see here a +0 club.
You hit the ogre.
The ogre is moderately wounded.
The ogre struggles against the net.
The net rips apart, and the ogre comes free!
You hit the ogre.
You headbutt the ogre, but do no damage.
The ogre is moderately wounded.
The ogre hits you with a +0 giant spiked club!
You hit the ogre.
The ogre is heavily wounded.
The ogre barely misses you.
You barely miss the ogre.
The ogre is heavily wounded.
The ball python bites you but does no damage.
The ball python grabs you. The ball python constricts you.
The ogre hits you with a +0 giant spiked club!!
Ouch! That really hurt!
You die...

################
###..............#
....############.#
....# #@#
....#####......OS.#
....................
....#####.........###
....# ......)..#
....# ........##
....# #####$### ..#.#
.. #.#.#


You could see an ogre and a ball python.

Vanquished Creatures
  A worm (D:2)
  A ball python (D:1)
  An endoplasm (D:1)
  A giant cockroach (D:1)
  7 goblins
  3 hobgoblins (D:2)
  2 jackals (D:3)
  4 kobolds
  2 quokkas (D:1)
  2 bats
  A frilled lizard (D:2)
25 creatures vanquished.

Notes
Turn   | Place    | Note
-------+----------+-------------------------------------------
     0 | D:1      | nickcage the Minotaur Gladiator began the quest for the
                  | Orb.
     0 | D:1      | Reached XP level 1. HP: 18/18 MP: 0/0
    92 | D:1      | Reached skill level 4 in Maces & Flails
   191 | D:1      | Reached XP level 2. HP: 25/25 MP: 1/1
   311 | D:1      | Found a faded altar of an unknown god.
   795 | D:2      | Learned a level 1 spell: Slow
   865 | D:2      | Reached skill level 5 in Maces & Flails
   900 | D:2      | You fall into a shaft and drop 1 floor!
   948 | D:3      | Reached XP level 3. HP: 30/30 MP: 2/2
  1008 | D:3      | Noticed an ogre
  1016 | D:3      | Mangled by an ogre

Illustrated notes

Levels and vault maps discovered:
D:1:      sevenhm_arrival_forest_fort_small_5, layout_loops_ring,
          hellmonk_ecumenical_altar_run_dry, wad_floor_pattern_2
D:2:      layout_basic
D:3:      layout_basic, nicolae_vehumet_radiance, serial_shops,
          nicolae_shop_advertising_works [nicolae_subvault_shop_adworks]

Skill      XL: |  1  2 |
---------------+-------+-----
Maces & Flails | 4 5 |  5.2
Fighting       | |  2.4
Throwing       | |  2.0
Dodging        | |  3.2

Action                   || total
-------------------------++-------
Melee: Flail             ||    58
       Headbutt          ||     6
Throw: Throwing net      ||     1
Armor: Ring mail         ||     7
       Leather armour    ||     3
       Chain mail        ||    22
Dodge: Dodged            ||    17
